 Dungeon Crawl Stone Soup version 0.28.0-45-g0d030f2227 (webtiles) character file.

Game seed: 1768482800835375339

79 101zpm the Covered (level 4, -10/29 HPs)
             Began as a Gargoyle Fighter on Apr 10, 2022.
             Killed by divine providence
             ... invoked by an orc priest
              (12 damage)
             ... on level 4 of the Dungeon.
             The game lasted 00:02:25 (3361 turns).

101zpm the Covered (Gargoyle Fighter)               Turns: 3361, Time: 00:02:27

Health: -10/29     AC: 12    Str: 22    XL:     4   Next: 37%
Magic:  4/4        EV:  9    Int:  8    God:
Gold:   56         SH:  4    Dex:  9    Spells: 3/3 levels left

rFire   . . .      SeeInvis .   h - +3 short sword (freeze)
rCold   . . .      Faith    .   c - +0 buckler
rNeg    + . .      Spirit   .   b - +0 scale mail
rPois   ∞          Reflect  .   (no helmet)
rElec   +          Harm     .   f - +0 cloak
rCorr   .          Rampage  .   (no gloves)
Will    .....                   (no boots)
Stlth   ..........              (no amulet)
HPRegen 0.09/turn               (no ring)
MPRegen 0.09/turn               (no ring)

@: no status effects
A: sickness immunity, AC +3, negative energy resistance 1, electricity
resistance, torment resistance 1, petrification resistance
a: no special abilities


You were on level 4 of the Dungeon.
You visited 1 branch of the dungeon, and saw 4 of its levels.

You collected 56 gold pieces.

Inventory:

Hand Weapons
 a - a +0 flail
 g - a +1 whip of freezing
 h - a +3 short sword of freezing (weapon)
Missiles
 e - 145 stones (quivered)
Armour
 b - a +0 scale mail (worn)
 c - a +0 buckler (worn)
 f - a +0 cloak (worn)
Scrolls
 i - 3 scrolls of identify {unknown}
 j - a scroll of immolation {unknown}
 k - a scroll of teleportation {unknown}
Potions
 d - a potion of might
 l - a potion of attraction {unknown}
 m - a potion of curing {unknown}


   Skills:
 + Level 3.6 Fighting
 + Level 0.2 Short Blades
 + Level 2.3 Maces & Flails
 + Level 4.4 Armour
 + Level 0.3 Dodging
 + Level 0.7 Stealth
 + Level 3.6 Shields


You had 3 spell levels left.
You didn't know any spells.
Your spell library was empty.

Dungeon Overview and Level Annotations

Branches:
Dungeon (4/15)
 Temple: D:4-7

Altars:
Nemelex Xobeh

Annotations:
D:2 1 runed translucent door, Crazy Yiuf


Innate Abilities, Weirdness & Mutations

You are immune to sickness and miasma.
Your stone body is resilient. (AC +3)
You are immune to poison.
You resist negative energy. (rN+)
You are resistant to electric shocks. (rElec)
You are resistant to unholy torment.
You are immune to petrification.


Message History

An endoplasm is nearby!
You hit the endoplasm. You freeze the endoplasm.
The endoplasm is moderately wounded.
The endoplasm freezes you.
You are frozen.
You hit the endoplasm. You freeze the endoplasm.
You kill the endoplasm!
No target in view!
No target in view!
No target in view!
No target in view!
No target in view!
No target in view!
No target in view!
No target in view!
No target in view!
No target in view!
An orc and 2 orc priests come into view.
Found a scroll labelled DUAHUN IRGHEE.
The orc shouts!
The orc priest shouts! x2
There are monsters nearby!
There are monsters nearby!
An orc comes into view. It is wielding a +0 hand axe.
You block the orc priest's attack.
The orc priest casts a cantrip, but nothing happens.
You hit the orc priest but do no damage.
The orc priest hits you but does no damage.
You closely miss the orc.
The orc priest invokes the aid of Beogh against you.
Beogh smites you!
The orc priest begins to cast a cantrip, but forgets the words!
The orc hits you with a +0 whip.
You closely miss the orc.
The orc priest calls down the wrath of Beogh upon you.
Beogh smites you!
* * * LOW HITPOINT WARNING * * *
The orc hits you but does no damage.
The orc priest mumbles some strange prayers to Beogh against you.
Beogh smites you!
You die...

#.# #.#. #.#?
#.#.##
####.#...
#...<#..#
#.####..# #.#
#..####### #.#
#$.@oooo.# #.#
##.#####.# #.#
#.#
#.#####.#####.#
#..............
#######.....(..
#######.#


You could see 2 orc priests and 2 orcs.

Vanquished Creatures
  An adder (D:2)
  3 dart slugs
  2 orcs (D:3)
  6 endoplasms
  3 giant cockroaches
  4 goblins
  4 hobgoblins
  10 jackals
  4 kobolds
  2 quokkas
  6 ball pythons
  3 bats
  3 frilled lizards
  2 rats (D:1)
53 creatures vanquished.

Notes
Turn   | Place    | Note
-------+----------+-------------------------------------------
     0 | D:1      | 101zpm the Gargoyle Fighter began the quest for the Orb.
     0 | D:1      | Reached XP level 1. HP: 14/14 MP: 1/1
   776 | D:1      | Reached XP level 2. HP: 2/19 MP: 2/2
  1612 | D:2      | Reached XP level 3. HP: 23/23 MP: 3/3
  1636 | D:2      | Found a runed translucent door.
  1637 | D:2      | Noticed Crazy Yiuf
  1675 | D:2      | Found a sparkling altar of Nemelex Xobeh.
  1688 | D:2      | Reached skill level 4 in Armour
  1736 | D:2      | Found a faded altar of an unknown god.
  2336 | D:3      | Reached XP level 4. HP: 28/29 MP: 4/4
  3361 | D:4      | Killed from afar by an orc priest

Illustrated notes

Levels and vault maps discovered:
D:1:      dpeg_arrival_simpleton_a, layout_basic
D:2:      layout_loops_ring, ebering_ecumenical_altar_box, basic_altar,
          uniq_crazy_yiuf_cottage
D:3:      layout_basic, serial_rivers, chequers_serial_rivers_small_b,
          chequers_serial_rivers_marsh, chequers_serial_rivers_large_b,
          chequers_serial_rivers_room_b, chequers_serial_rivers_room_b
D:4:      layout_loops_ring, fedhas_ov_isle_minmay, chequers_garden

Skill      XL: |  1  2  3 |
---------------+----------+-----
Armour         | 4 |  4.4
Fighting       | |  3.6
Short Blades   | |  0.2
Maces & Flails | |  2.3
Dodging        | |  0.3
Stealth        | |  0.7
Shields        | |  3.6

Action                   |  1- 3 |  4- 6 || total
-------------------------+-------+-------++-------
Melee: Flail             |    55 |       ||    55
       Whip              |    10 |       ||    10
       Short sword       |    58 |    44 ||   102
Armor: Scale mail        |   111 |    18 ||   129
Dodge: Dodged            |    84 |    19 ||   103
Block: Buckler           |    38 |     7 ||    45
